Description

TvP Stargate? = Widow Mine instead Liberators!

VOD

https://youtu.be/wWKWo9KeJ44

Replay - Zelos vs Sheppard - 2 Cyclone 8 Marine Drop - Proxima_Station_LE_7

Build Order

Get SALT Encoding   

  12  0:00  SCV  
  13  0:14  SCV  
  13  0:19  Supply Depot  
  14  0:26  SCV  
  15  0:38  Refinery  
  15  0:41  SCV  
  16  0:48  Barracks  
  16  0:53  SCV  
  17  1:05  SCV  
  18  1:18  SCV  
  19  1:35  Reaper, Orbital Command  
  20  1:47  Command Center  
  20  2:04  SCV  
  21  2:13  Factory  
  21  2:17  Barracks Reactor, Refinery  
  21  2:20  SCV, Supply Depot  
  22  2:33  SCV  
  24  2:54  Marine x2  
  24  2:58  Cyclone  
  30  3:06  Starport  
  30  3:09  Orbital Command  
  30  3:12  Marine x2  
  33  3:29  Marine x2  
  33  3:31  Cyclone  
  39  3:43  Medivac  
  39  3:47  Marine x2  
  39  3:48  Supply Depot  
  46  4:06  Engineering Bay  
  46  4:08  Barracks  
  46  4:09  Marine x2  
  50  4:11  Widow Mine  
  52  4:18  Viking  
  54  4:25  Supply Depot  
  54  4:41  Barracks  
  53  5:06  Barracks Tech Lab  
  53  5:07  Starport Reactor  
Spawning Tool Build Advisor. Get it on Overwolf

Go to:

Details

  • Created by: propagare
  • Published on: Mar 02, 2017
  • Modified on: Mar 02, 2017
  • Patch: 3.8.0
Show
View Real Time Build Order
Export as new Build Order

Comments (0)

There are no comments. Be the first!

Create an account to comment!